 Dungeon Sprint DCSS version 0.21-a0-110-g8e1637b (webtiles) character file.

17319 minicreteconcrete the Fencer (level 12, 0/103 HPs)
             Began as a Demonspawn Skald on July 8, 2017.
             Was the Champion of Cheibriados.
             Killed from afar by a fire giant (51 damage)
             ... with a fireball
             ... in the Dungeon (Sprint IX: "|||||||||||||||||||||||||||||").
             The game lasted 00:16:09 (1130 turns).

minicreteconcrete the Fencer (Demonspawn Skald)     Turns: 1130, Time: 00:16:11

Health: 0/103      AC: 13    Str: 33    XL:     12   Next: 17%
Magic:  0/20       EV: 20    Int: 33    God:    Cheibriados [******]
Gold:   115        SH:  0    Dex: 36    Spells: 12/16 levels left

rFire    . . .     SeeInvis .   a - +3 great sword (elec)
rCold    . . .     Gourm    .   (shield currently unavailable)
rNeg     . . .     Faith    .   r - +1 scale mail
rPois    .         Spirit   +   Q - +1 helmet
rElec    .         Reflect  .   (no cloak)
rCorr    .         Harm     .   (no gloves)
MR       .....     NoTele   +   D - +0 pair of boots
Stlth    +++++.....             (no amulet)
HPRegen  0.27/turn              s - +3 ring of dexterity
MPRegen  0.17/turn              t - +3 ring of intelligence

@: mighty, very slow
A: hooves 1, thin skeletal structure 1, powered by pain 1, magic shield
a: Bend Time, Temporal Distortion, Slouch, Step From Time, Renounce Religion


You were in the Dungeon.
You worshipped Cheibriados.
Cheibriados was exalted by your worship.
You were very hungry.

You visited 1 branch You collected 1800 gold pieces.
You spent 1685 gold pieces at shops.

Inventory:

Hand Weapons
 a - a +3 great sword of electrocution (weapon)
 p - a +0 falchion
 G - a +2 great sword of draining
 O - a +4 scimitar of flaming
Missiles
 E - 3 javelins (quivered)
Armour
 k - a +2 chain mail of magic resistance
 o - a +0 leather armour
 q - a +0 helmet
 r - a +1 scale mail (worn)
 C - a +0 helmet
 D - a +0 pair of boots (worn)
 P - +0 shadow dragon scales
 Q - a +1 helmet (worn)
 R - the +1 cloak of Starlight {rElec rC+ EV+4 Stlth--}
   (You found it in the Dungeon)

   It affects your evasion (+4).
   It protects you from cold.
   It insulates you from electricity.
   It makes you much less stealthy.
Magical Staves
 b - an uncursed staff of energy
 y - an uncursed staff of death
Jewellery
 s - a +3 ring of dexterity (left hand)
 t - a +3 ring of intelligence (right hand)
 F - an uncursed ring of poison resistance
 L - an uncursed ring of protection from cold
 M - an uncursed ring of protection from magic
 N - an uncursed ring of protection from fire
Wands
 n - a wand of iceblast (4/15)
Scrolls
 j - 2 scrolls of blinking
 l - 4 scrolls of remove curse
 m - 2 scrolls of amnesia
 w - a scroll of identify
 x - 6 scrolls of enchant armour
 z - a scroll of fear
 H - 2 scrolls of enchant weapon
 I - a scroll of immolation
 J - 4 scrolls of fog
 T - 3 scrolls of recharging
Potions
 e - a potion of heal wounds
 f - 2 potions of agility
 g - a potion of haste
 h - 6 potions of magic
 i - 5 potions of curing
 u - 2 potions of might
 S - a potion of brilliance
Books
 c - a book of Battle

   Spells                             Type                      Level
   a - Infusion                       Charms                       1
   b - Shroud of Golubria             Charms/Translocation         2
   c - Song of Slaying                Charms                       2
   d - Spectral Weapon                Hexes/Charms                 3
   e - Regeneration                   Charms/Necromancy            3
 K - a book of the Warp

   Spells                             Type                      Level
   a - Gell's Gravitas                Translocation                3
   b - Portal Projectile              Hexes/Translocation          3
   c - Force Lance                    Conjuration/Translocation    4
   d - Dispersal                      Translocation                6
   e - Controlled Blink               Translocation                8
   f - Disjunction                    Translocation                8
Miscellaneous
 v - a lightning rod (inert)
Comestibles
 d - 13 bread rations
 A - 40 fruits
 B - 12 meat rations


   Skills:
 + Level 12.3 Fighting
 * Level 16.6 Long Blades
 + Level 0.5 Throwing
 + Level 9.5 Armour
 + Level 8.1 Dodging
 - Level 8.9 Stealth
 + Level 2.6 Spellcasting
 + Level 3.3 Charms
 + Level 10.2 Necromancy
 * Level 7.8 Invocations
 + Level 11.3 Evocations


You had 12 spell levels left.
You knew the following spells:

 Your Spells              Type           Power        Failure   Level  Hunger
a - Infusion              Chrm           ####         2%          1    None
r - Regeneration          Chrm/Necr      #####.....   1%          3    ###....


Dungeon Overview and Level Annotations

Branches:
Dungeon (1/1)

Altars:
Cheibriados
Dithmenos
Elyvilon
Fedhas
Gozag
Hepliaklqana
Kikubaaqudgha
Makhleb
Nemelex Xobeh
Okawaru
Qazlal
Ru
Sif Muna
Trog
Uskayaw
Vehumet
Wu Jian
Xom
Yredelemnul
Zin
The Shining One
Beogh
Jiyva
Lugonu

Shops:
D (?:*


Innate Abilities, Weirdness & Mutations

You have large cloven feet.
You have a somewhat thin skeletal structure. (Dex +2, Stealth)
You sometimes gain a little power by taking damage.
When hurt, damage is shared between your health and your magic reserves.


Message History

The fire giant is heavily wounded.
The fire giant gestures at you while chanting.
The fireball explodes!
The fireball engulfs you!
Ouch! That really hurt!
You focus on the pain.
You feel your power returning.
The fireball engulfs the fire giant.
The fire giant resists.
You completely miss the fire giant.
The fire giant is heavily wounded.
The fire giant hits you but does no damage.
You slash the fire giant!
The fire giant is heavily wounded.
The fire giant casts a spell at you. The bolt of fire hits you!
* * * LOW HITPOINT WARNING * * *
You focus on the pain.
You feel very mighty all of a sudden.
You feel much better.
The fire giant points at you and mumbles some strange words.
The fireball explodes!
The fireball engulfs you!
You die...

▓▓▓▓▓▓▓▓▓▓▓▓▓▓▓▓▓▓▓▓▓▓▓▓
[...!......'..))@CG.....
▓▓▓▓▓▓▓▓▓▓▓▓▓▓▓▓▓▓▓▓▓▓▓▓▓▓▓▓▓▓▓▓▓
.................)...............
▓▓▓▓▓▓▓▓▓▓▓▓▓▓▓▓▓▓▓▓▓▓▓▓▓▓▓▓▓▓▓▓▓
.)).....)')[[[)∩.∩.∩[∩.....'.....
▓▓▓▓▓▓▓▓▓▓▓▓▓▓▓▓▓▓▓▓▓▓▓▓▓▓▓▓▓▓▓▓▓
.........)..(..(.................
▓▓▓▓▓▓▓▓▓▓▓▓▓▓▓▓▓▓▓▓▓▓▓▓▓▓▓▓▓▓▓▓▓
'÷†.......†.........))('..[.[...'


You could see a fire giant and a great orb of eyes.

Vanquished Creatures
  A very ugly thing (D)
  A fire dragon (D)
  An ogre mage (D)
  2 hydras (D)
  A rakshasa (D)
  A two-headed ogre (D)
  A tengu warrior (D)
  2 orc high priests (D)
  Urug (D)
  6 orc knights (D)
  A deep elf mage (D)
  3 orc sorcerers (D)
  Psyche (D)
  2 komodo dragons (D)
  A polar bear (D)
  A blink frog (D)
  A slime creature (D)
  A hippogriff (D)
  Eustachio (D)
  A steam dragon (D)
  A warg (D)
  A soldier ant (D)
  2 water moccasins (D)
  3 porcupines (D)
  2 hell hounds (D)
  An ice beast (D)
  14 orc warriors (D)
  An eye of draining (D)
  A centaur (D)
  8 wolves (D)
  4 crocodiles (D)
  A bullfrog (D)
  A killer bee (D)
  A wight (D)
  3 orc priests (D)
  2 hounds (D)
  A worker ant (D)
  A shadow imp (D)
  An adder skeleton (D)
  An adder zombie (D)
  11 orcs (D)
  A bat zombie (D)
  A giant cockroach (D)
  A hobgoblin (D)
  A jackal (D)
  2 quokkas (D)
  2 frilled lizards (D)
  2 kobolds (D)
101 creatures vanquished.

Notes
Turn   | Place    | Note
-------+----------+-------------------------------------------
     0 | D        | minicreteconcrete the Demonspawn Skald began the quest for the Orb.
     0 | D        | Reached XP level 1. HP: 16/16 MP: 3/3
    10 | D        | Reached skill level 2 in Long Blades
    10 | D        | Reached skill level 1 in Armour
   178 | D        | Noticed a worker ant
   189 | D        | Killed a worker ant
   189 | D        | Reached skill level 3 in Long Blades
   189 | D        | Gained mutation: You have a somewhat thin skeletal structure. (Dex +2, Stealth) [demonic ancestry]
   189 | D        | Reached XP level 2. HP: 11/25 MP: 0/5
   193 | D        | Gained mutation: When hurt, damage is shared between your health and your magic reserves. [demonic ancestry]
   193 | D        | Reached XP level 3. HP: 14/30 MP: 0/6
   207 | D        | Found a roughly hewn altar of Beogh.
   207 | D        | Found a snail-covered altar of Cheibriados.
   207 | D        | Found a shadowy altar of Dithmenos.
   207 | D        | Found a white marble altar of Elyvilon.
   207 | D        | Found a blossoming altar of Fedhas.
   207 | D        | Found an opulent altar of Gozag.
   208 | D        | Found a hazy altar of Hepliaklqana.
   209 | D        | Found a viscous altar of Jiyva.
   210 | D        | Found an ancient bone altar of Kikubaaqudgha.
   211 | D        | Found a corrupted altar of Lugonu.
   216 | D        | Became a worshipper of Cheibriados the Contemplative
   218 | D        | Found a burning altar of Makhleb.
   219 | D        | Found a sparkling altar of Nemelex Xobeh.
   220 | D        | Found an iron altar of Okawaru.
   221 | D        | Found a stormy altar of Qazlal.
   222 | D        | Found a sacrificial altar of Ru.
   223 | D        | Found a deep blue altar of Sif Muna.
   224 | D        | Found a bloodstained altar of Trog.
   225 | D        | Found a hide-covered altar of Uskayaw.
   226 | D        | Found a radiant altar of Vehumet.
   227 | D        | Found an ornate altar of the Wu Jian Council.
   228 | D        | Found a shimmering altar of Xom.
   229 | D        | Found a basalt altar of Yredelemnul.
   230 | D        | Found a glowing silver altar of Zin.
   231 | D        | Found a glowing golden altar of the Shining One.
   266 | D        | Learned a level 3 spell: Regeneration
   294 | D        | Noticed a hippogriff
   294 | D        | Noticed a centaur
   294 | D        | Noticed an orc warrior
   300 | D        | Killed a hippogriff
   300 | D        | Reached skill level 5 in Long Blades
   300 | D        | Reached skill level 1 in Necromancy
   300 | D        | Reached skill level 1 in Evocations
   300 | D        | Reached XP level 4. HP: 32/38 MP: 1/7
   305 | D        | Killed a centaur
   305 | D        | Reached * piety under Cheibriados
   305 | D        | Reached skill level 5 in Fighting
   305 | D        | Reached skill level 6 in Long Blades
   305 | D        | Reached skill level 1 in Stealth
   305 | D        | Reached XP level 5. HP: 38/44 MP: 1/8
   315 | D        | Killed an orc warrior
   315 | D        | Reached skill level 7 in Long Blades
   315 | D        | Reached XP level 6. HP: 18/52 MP: 1/9
   324 | D        | Reached skill level 5 in Armour
   327 | D        | Reached ** piety under Cheibriados
   377 | D        | Noticed a komodo dragon
   377 | D        | Noticed a slime creature
   387 | D        | Reached skill level 8 in Long Blades
   389 | D        | Reached *** piety under Cheibriados
   389 | D        | Reached skill level 5 in Dodging
   392 | D        | Killed a komodo dragon
   392 | D        | Reached skill level 9 in Long Blades
   392 | D        | Reached skill level 1 in Invocations
   392 | D        | Reached XP level 7. HP: 35/60 MP: 0/10
   393 | D        | Reached **** piety under Cheibriados
   399 | D        | Killed a slime creature
   399 | D        | Reached skill level 5 in Necromancy
   531 | D        | Noticed a komodo dragon
   531 | D        | Noticed a four-headed hydra
   531 | D        | Noticed a four-headed hydra
   533 | D        | Reached XP level 8. HP: 67/67 MP: 4/11
   536 | D        | Killed a komodo dragon
   536 | D        | Reached ***** piety under Cheibriados
   536 | D        | Reached skill level 10 in Long Blades
   536 | D        | Reached skill level 5 in Evocations
   536 | D        | Reached skill level 5 in Stealth
   537 | D        | Killed a four-headed hydra
   537 | D        | Reached skill level 11 in Long Blades
   537 | D        | Gained mutation: You sometimes gain a little power by taking damage. [demonic ancestry]
   537 | D        | Reached XP level 9. HP: 74/75 MP: 4/13
   538 | D        | Killed a three-headed hydra
   538 | D        | Reached skill level 12 in Long Blades
   543 | D        | Reached ****** piety under Cheibriados
   580 | D        | Noticed a polar bear
   587 | D        | Reached skill level 13 in Long Blades
   587 | D        | Reached XP level 10. HP: 83/83 MP: 13/15
   680 | D        | Noticed Urug
   692 | D        | Killed Urug
   692 | D        | Reached skill level 10 in Fighting
   772 | D        | Reached skill level 14 in Long Blades
   776 | D        | Noticed an orc knight
   782 | D        | Noticed an orc knight
   790 | D        | Killed an orc knight
   792 | D        | Killed an orc knight
   828 | D        | Noticed an orc sorcerer
   830 | D        | Killed an orc sorcerer
   839 | D        | Reached XP level 11. HP: 84/92 MP: 18/18
   849 | D        | Noticed an orc knight
   866 | D        | Killed an orc knight
   871 | D        | Found Set Nues's Weapon Emporium.
   871 | D        | Noticed an orc sorcerer
   871 | D        | Noticed an orc high priest
   871 | D        | Noticed an orc knight
   877 | D        | Killed an orc sorcerer
   879 | D        | Noticed an orc knight
   882 | D        | Found Zaeps's Magic Scroll Shoppe.
   882 | D        | Noticed an orc sorcerer
   886 | D        | Noticed an orc knight
   891 | D        | Killed an orc high priest
   891 | D        | Reached skill level 10 in Evocations
   893 | D        | Killed an orc sorcerer
   894 | D        | Killed an orc knight
   894 | D        | Reached skill level 15 in Long Blades
   894 | D        | Killed an orc knight
   895 | D        | Killed an orc knight
   900 | D        | Found Hobiaru's Book Emporium.
   907 | D        | Found Nogrun's General Store.
   913 | D        | Noticed an orc high priest
   914 | D        | Bought a scroll of enchant weapon for 75 gold pieces
   914 | D        | Bought a scroll of enchant weapon for 75 gold pieces
   914 | D        | Bought a scroll of immolation for 35 gold pieces
   914 | D        | Bought a scroll of fog for 20 gold pieces
   916 | D        | Noticed a sun demon
   931 | D        | Killed an orc high priest
   938 | D        | Bought a book of the Warp for 1260 gold pieces
   940 | D        | Bought a potion of magic for 80 gold pieces
   940 | D        | Bought a potion of magic for 80 gold pieces
   940 | D        | Bought 3 scrolls of fog for 60 gold pieces
   973 | D        | Noticed Psyche
   977 | D        | Killed Psyche
   997 | D        | Noticed Eustachio
  1008 | D        | Killed Eustachio
  1104 | D        | Noticed a two-headed ogre
  1104 | D        | Noticed a deep elf mage
  1105 | D        | Noticed an ogre mage
  1109 | D        | Noticed a fire dragon
  1110 | D        | Noticed a green very ugly thing
  1112 | D        | Killed a two-headed ogre
  1112 | D        | Reached skill level 5 in Invocations
  1112 | D        | Killed a deep elf mage
  1116 | D        | Noticed a tengu warrior
  1118 | D        | Noticed a rakshasa
  1119 | D        | Killed a green very ugly thing
  1121 | D        | Killed an ogre mage
  1121 | D        | Reached skill level 16 in Long Blades
  1121 | D        | Reached skill level 10 in Necromancy
  1122 | D        | Killed a fire dragon
  1122 | D        | Gained mutation: You have large cloven feet. [demonic ancestry]
  1122 | D        | Reached XP level 12. HP: 102/102 MP: 17/20
  1122 | D        | Killed a tengu warrior
  1123 | D        | Noticed a fire giant
  1124 | D        | Noticed a fire giant
  1125 | D        | Noticed a great orb of eyes
  1125 | D        | Killed a rakshasa
  1130 | D        | Killed from afar by a fire giant

Vault maps used:
D:        linesprint

Skill      XL: |  1  2  3  4  5  6  7  8  9 10 11 |
---------------+----------------------------------+-----
Dodging        | 2 3 4 5 6 7 8 |  8.1
Long Blades    | 3 5 6 7 9 11 13 14 16 | 16.6
Armour         | 2 3 4 5 6 7 8 9 |  9.5
Fighting       | 3 4 5 7 8 9 10 12 | 12.3
Necromancy     | 1 2 4 5 6 8 10 | 10.2
Evocations     | 1 2 4 6 7 9 11 | 11.3
Stealth        | 1 3 4 6 7 8 |  8.9
Invocations    | 1 2 3 7 |  7.8
Charms         | 3 |  3.3
Throwing       | |  0.5
Spellcasting   | |  2.6

Action                   |  1- 3 |  4- 6 |  7- 9 | 10-12 || total
-------------------------+-------+-------+-------+-------++-------
Melee: Falchion          |    31 |       |       |       ||    31
       Scimitar          |     4 |    40 |    28 |    94 ||   166
       Great sword       |       |       |       |    16 ||    16
Throw: Javelin           |       |       |       |     1 ||     1
 Cast: Infusion          |     2 |       |       |       ||     2
       Regeneration      |     3 |     3 |     3 |    11 ||    20
Invok: Bend Time         |       |     1 |       |       ||     1
       Slouch            |       |       |       |     1 ||     1
Evoke: Staff of energy   |     5 |     6 |     5 |     6 ||    22
       Wand              |       |     2 |     1 |       ||     3
       Lightning rod     |       |       |     6 |    22 ||    28
  Use: Potion            |     4 |     2 |       |     2 ||     8
       Scroll            |       |       |     2 |       ||     2
 Stab: Invisible         |       |     2 |       |       ||     2
       Distracted        |       |       |     2 |     1 ||     3
       Sleeping          |       |       |       |     4 ||     4
  Eat: Chunk             |       |       |       |     2 ||     2
Armor: Leather armour    |     8 |     7 |       |       ||    15
       Scale mail        |       |       |     3 |    13 ||    16
Dodge: Dodged            |    31 |    21 |    19 |    64 ||   135
       Rpst.: Falchion   |     6 |       |       |       ||     6
       Scimitar          |     1 |     3 |     3 |    12 ||    19
       Great sword       |       |       |       |     3 ||     3
